 Dungeon Crawl Stone Soup version 0.27-a0-920-gb2bd10914a (webtiles) character file.

Game seed: 6291816179261848207

194 wakim the Insei (level 5, -4/33 HPs)
             Began as an Octopode Transmuter on Apr 9, 2021.
             Was a Believer of Yredelemnul.
             Killed by divine providence
             ... invoked by an orc priest
              (14 damage)
             ... on level 4 of the Dungeon.
             The game lasted 00:10:11 (4460 turns).

wakim the Insei (Octopode Transmuter)               Turns: 4460, Time: 00:10:12

Health: -4/33      AC:  1    Str:  9    XL:     5   Next: 73%
Magic:  17/17      EV: 13    Int: 17    God:    Yredelemnul [**....]
Gold:   112        SH:  0    Dex: 12    Spells: 4/8 levels left

rFire    . . .     SeeInvis .     - Unarmed
rCold    . . .     Faith    .   (no shield)
rNeg     + . .     Spirit   .   (helmet restricted)
rPois    .         Reflect  .   (no amulet)
rElec    .         Harm     .   a - ring of Beeggoph {*Corrode rN+ Will+ MP+9}
rCorr    .         Rampage  .   (no ring)
Will     +....                  (no ring)
Stlth    +++.......             (no ring)
HPRegen  0.11/turn              (no ring)
MPRegen  0.15/turn              (no ring)
                                (no ring)
                                (no ring)

@: no status effects
A: almost no armour, amphibious, 8 rings, camouflage 1, gelatinous body 1,
(nimble swimmer 1), tentacles
a: Renounce Religion, Animate Remains, Recall Undead Slaves, Injury Mirror


You were on level 4 of the Dungeon.
You worshipped Yredelemnul.
Yredelemnul was pleased with you.
You visited 1 branch of the dungeon, and saw 4 of its levels.

You collected 112 gold pieces.

Inventory:

Missiles
 c - a throwing net (quivered)
Jewellery
 a - the ring of Beeggoph (left tentacle) {*Corrode rN+ Will+ MP+9}
   (You acquired it on level 1 of the Dungeon)

   [ring of willpower]

   It protects you from negative energy.
   It affects your magic capacity (+9).
   It may corrode you when you take damage.
   It increases your willpower.
Potions
 b - 3 potions of mutation {unknown}
 B - a potion of attraction
 I - a potion of invisibility
 N - 4 potions of might


   Skills:
 - Level 1.0 Fighting
 + Level 3.0 Dodging
 - Level 3.0 Stealth
 + Level 4.1 Unarmed Combat
 - Level 2.0 Spellcasting
 * Level 3.0 Transmutations
 * Level 2.4 Poison Magic


You had 4 spell levels left.
You knew the following spells:

 Your Spells              Type           Power      Damage    Failure   Level
a - Beastly Appendage     Tmut           22%        N/A       5%          1
x - Spider Form           Tmut/Pois      5%         N/A       19%         3

Your spell library contained the following spells:

 Spells                   Type           Power      Damage    Failure   Level
 Wereblood                Tmut           11%        N/A       9%          2
 Ice Form                 Ice/Tmut       6%         N/A       71%         4
 Hydra Form               Tmut           5%         N/A       83%         5


Dungeon Overview and Level Annotations

Branches:
Dungeon (4/15)             Temple (0/1) D:4

Altars:
Xom
Yredelemnul

Shops:
D:3 =

Annotations:
D:4 Menkaure


Innate Abilities, Weirdness & Mutations

You cannot wear most types of armour.
You are amphibious.
You can wear up to eight rings at the same time.
Your skin changes colour to match your surroundings (Stealth+).
Your rubbery body absorbs attacks. (AC +1, EV +1)
((You are camouflaged near water. (Stealth+)))
You have tentacles for arms and can constrict up to eight enemies at once.


Message History

You hit the gnoll shaman but do no damage.
The gnoll shaman is moderately wounded.
The gnoll shaman barely misses you.
You hit the gnoll shaman.
The gnoll shaman is severely wounded.
The gnoll shaman hits you with a +0 club!
You hit the gnoll shaman.
You kill the gnoll shaman!
Yredelemnul accepts your kill.
Your Dodging skill increases to level 3!
Your Transmutations skill increases to level 3!
Things that are here:
a +0 club; a +0 robe; a gnoll corpse Unknown command.
Your transformation is almost over.
Your transformation has ended.
HP restored.
c - a throwing net You see here a +0 halberd.
Things that are here:
a +0 spear; a gnoll corpse Unknown command.
You now have 112 gold pieces (gained 13).
An orc comes into view. It is wielding a +0 club.
The orc moves out of view.
You hear a shout! x2
You hear a shout! x2
You hear a shout!
The orc priest mumbles some strange prayers to Beogh against you.
Beogh smites you!
The orc priest mumbles some strange prayers to Beogh against you.
Beogh smites you!
* * * LOW HITPOINT WARNING * * *
You see here a +0 halberd.
Things that are here:
a +0 club; a +0 robe; a gnoll corpse The orc priest mumbles some strange prayers to Beogh against you.
Beogh smites you!
You die...
Your body rises from the dead as a mindless zombie.

### ###.. ######..._
#######......... ######
##.......######## #....#
##..##############
#....###..###.o..........
#.............###########
#.......@######
#....##### #....# ####
#....# #... #<)..# #.#.
###### #. #. #. #.


You could see an orc priest.

Vanquished Creatures
  A gnoll shaman (D:4)
  An orc wizard (D:3)
  A hound skeleton (D:3)
  3 gnolls
  3 adders
  4 worms
  A dart slug (D:1)
  4 orcs
  2 bats
  6 endoplasms
  A giant cockroach (D:1)
  4 hobgoblins
  6 kobolds
  A quokka (D:1)
  5 ball pythons
  6 frilled lizards
  7 goblins
  5 rats
61 creatures vanquished.

Vanquished Creatures (others)
  5 plants (D:4)
5 creatures vanquished.

Grand Total: 66 creatures vanquished

Notes
Turn   | Place    | Note
-------+----------+-------------------------------------------
     0 | D:1      | wakim the Octopode Transmuter began the quest for the Orb.
     0 | D:1      | Reached XP level 1. HP: 13/13 MP: 3/3
     6 | D:1      | Noticed a rime drake
     6 | D:1      | Noticed a scorpion
     6 | D:1      | Noticed a black bear
     7 | D:1      | Noticed a hound
     7 | D:1      | Noticed a swamp worm
    43 | D:1      | Found a faded altar of an unknown god.
    48 | D:1      | Became a worshipper of Yredelemnul the Dark
    48 | D:1      | Reached * piety under Yredelemnul
   235 | D:1      | Reached skill level 1 in Stealth
   431 | D:1      | Reached XP level 2. HP: 16/18 MP: 3/5
   929 | D:1      | Identified a scroll of acquirement
   929 | D:1      | Acquired the ring of Beeggoph {*Corrode rN+ Will+ MP+9}
   947 | D:1      | Reached XP level 3. HP: 23/23 MP: 6/6
  1727 | D:2      | Reached ** piety under Yredelemnul
  1997 | D:2      | Learned a level 3 spell: Spider Form
  2063 | D:2      | Reached XP level 4. HP: 22/28 MP: 7/7
  3126 | D:3      | Reached skill level 1 in Poison Magic
  3309 | D:3      | Found Zodogufu's Jewellery Boutique.
  3385 | D:3      | HP: 1/28 [orc wizard/+0 dagger (3)]
  3699 | D:3      | Reached skill level 4 in Unarmed Combat
  3699 | D:3      | Reached XP level 5. HP: 23/33 MP: 8/8
  4069 | D:4      | Found a staircase to the Ecumenical Temple.
  4073 | D:4      | Noticed Menkaure
  4235 | D:4      | Found a shimmering altar of Xom.
  4460 | D:4      | Killed from afar by an orc priest

Illustrated notes

Levels and vault maps discovered:
D:1:      onia_arrival_zoo_common, layout_rooms,
          shapermc_ecumenical_altar_notcrosses, minmay_fountain_box,
          hangedman_glass_teeth
D:2:      layout_basic, minmay_misc_feat_cross, minivault_11
D:3:      layout_basic, serial_shops, shop
D:4:      layout_rooms, lemuel_doored_altar, xom_butterflies,
          minmay_temple_entry_overgrown, minmay_misc_feat_tower,
          guppyfry_early_orc_mine, uniq_natasha, uniq_crazy_yiuf_cottage,
          uniq_menkaure

Skill      XL: |  1  2  3  4  5 |
---------------+----------------+-----
Stealth        | 1 2 3 |  3.0
Poison Magic   | 1 2 |  2.4
Unarmed Combat | 4 |  4.1
Dodging        | 3 |  3.0
Transmutations | 3 |  3.0
Fighting       | |  1.0
Spellcasting   | |  2.0

Action                   |  1- 3 |  4- 6 || total
-------------------------+-------+-------++-------
Melee: Unarmed           |    82 |    58 ||   140
       Constrict         |    20 |    14 ||    34
       Kick              |     9 |     7 ||    16
       Tentacles         |     6 |    12 ||    18
       Punch             |     2 |     1 ||     3
 Cast: Beastly Appendage |    12 |    12 ||    24
       Spider Form       |       |     4 ||     4
  Use: Scroll            |     3 |     6 ||     9
 Stab: Sleeping          |    16 |     5 ||    21
Armor: Skin              |     5 |     2 ||     7
Dodge: Dodged            |    32 |    32 ||    64

Table legend: (Time is in decaauts)
 A = Elapsed time spent in this place.
 B = Non-inter-level travel time spent in this place.
 C = Inter-level travel time spent in this place.
 D = Time resting spent in this place.
 E = Time spent auto-exploring this place.
 F = Levels seen in this place.
 G = Mean time per level.
                   A        B        C        D        E       F      G
               +--------+--------+--------+--------+--------+-----+--------+
         Total |   4452 |   4317 |    135 |    227 |   3418 |   4 | 1113.0 |
       Dungeon |   4452 |   4317 |    135 |    227 |   3418 |   4 | 1113.0 |
               +--------+--------+--------+--------+--------+-----+--------+

Top non-repeatable levels by time:
     D:1: 1668 daAuts
     D:2: 1600 daAuts
     D:3: 918 daAuts
     D:4: 264 daAuts
